Map: Base du roi Sejong EC

Players

Isegrim - Winner!

  • Race: Zerg Zerg
  • League: Gold
  • Spawn Location: 11:00

zidar

  • Race: Zerg Zerg
  • League: Platinum
  • Spawn Location: 5:00

VOD

Have the link to the VOD?

Description

Time

  • Played on: Oct. 8, 2016, 11:30 a.m.
  • Length: 5:58
Show
View Real Time Build Order
Export as new Build Order

Isegrim Zerg - Winner!

Build Orders: Pool First 

Get SALT Encoding   

  12  0:01  Drone  
  13  0:15  Drone  
  14  0:27  Spawning Pool  
  13  0:30  Extractor  
  13  0:32  Drone  
  13  0:36  Drone  
  14  0:49  Overlord  
  14  1:14  Zergling x2  
  14  1:15  Queen  
  17  1:32  Metabolic Boost  
  17  1:38  Zergling x4  
  17  1:39  Zergling x2  
  20  2:11  Hatchery  
  20  2:12  Drone x3  
  22  2:23  Baneling Nest  
  21  2:32  Overlord  
  21  2:37  Drone  
  22  2:47  Overlord  
  20  3:03  Drone x3  
  20  3:04  Drone  
  24  3:15  Drone  
  24  3:16  Drone  
  26  3:27  Roach Warren  
  26  3:31  Zergling x2  
  26  3:32  Zergling x2  
  27  3:38  Zergling x4  
  29  3:42  Zergling x4  
  31  3:53  Zergling x2  
  31  3:54  Zergling x4  
  34  4:02  Extractor  
  33  4:04  Lair  
  33  4:06  Drone  
  33  4:07  Drone  
  35  4:15  Baneling x4  
  35  4:17  Baneling x2  
  35  4:33  Drone x3  
  29  4:58  Roach x7  
  43  5:06  Drone  
  44  5:08  Overlord  
  44  5:27  Roach x4  
  52  5:31  Overlord  
Show
View Real Time Build Order
Export as new Build Order

zidar Zerg 

Build Orders: Pool First 

Get SALT Encoding   

  12  0:01  Drone  
  13  0:12  Overlord  
  13  0:17  Drone  
  14  0:30  Drone x2  
  16  0:44  Spawning Pool  
  16  0:45  Drone  
  16  1:11  Hatchery, Drone  
  16  1:15  Extractor  
  16  1:20  Drone x2  
  18  1:31  Queen  
  20  1:43  Drone  
  20  1:44  Drone  
  22  1:53  Roach Warren  
  22  1:54  Drone  
  22  1:58  Extractor  
  20  2:05  Spine Crawler  
  19  2:16  Spine Crawler  
  19  2:31  Spine Crawler  
  18  3:13  Roach x2  
  18  3:18  Overlord  
  18  3:19  Overlord x3  
  22  3:36  Hatchery  
  21  3:42  Roach x3  
  27  3:54  Roach  
  29  4:11  Evolution Chamber  
  28  4:17  Roach  
  28  4:18  Roach x2  
  28  4:19  Drone  
  28  4:22  Extractor  
  28  4:23  Drone  
  25  5:04  Drone x3  
  28  5:22  Roach x3  
  34  5:53  Ravager  
Tags
 
Add a new tag
Caveats
  • Supply blocks, unpowered buildings, or Contaminate may cause inaccurate times.
  • Supply counts are checked every 10 seconds.